 Dungeon Crawl Stone Soup version 0.21-a0-404-g291f19a (webtiles) character file.

122245 4thArraOfDagon the Devastator (level 16, -15/83 HPs)
             Began as a Deep Elf Artificer on Oct 29, 2017.
             Was a High Priest of Sif Muna.
             Killed from afar by a deep elf sorcerer (42 damage)
             ... with damnation
             ... on level 3 of the Elven Halls.
             The game lasted 01:58:34 (17814 turns).

4thArraOfDagon the Devastator (Deep Elf Artificer) Turns: 17814, Time: 01:58:35

Health: -15/83     AC: 10    Str: 12    XL:     16   Next: 34%
Magic:  13/38      EV: 15    Int: 27    God:    Sif Muna [*****.]
Gold:   1544       SH:  0    Dex: 24    Spells: 1/47 levels left

rFire    + + .     SeeInvis .   E - staff of energy {!a}
rCold    . . .     Gourm    +   (no shield)
rNeg     . . .     Faith    .   N - +3 troll leather armour
rPois    .         Spirit   .   (no helmet)
rElec    .         Reflect  .   y - scarf {rC+ rF+}
rCorr    .         Harm     .   o - +1 pair of gloves {Str+3}
MR       +....                  B - +0 pair of boots
Stlth    ++........             I - amulet of the gourmand
HPRegen  0.63/turn              k - ring "Hakhloytz" {Wiz rF+ rC- Dex+7}
MPRegen  0.26/turn              G - +3 ring of intelligence

@: divine energy
A: hooves 1, agile 1
a: Stop Divine Energy, Channel Magic, Forget Spell, Renounce Religion


You were on level 3 of the Elven Halls.
You worshipped Sif Muna.
Sif Muna was extremely pleased with you.
You were very full.

You visited 5 branches of the dungeon, and saw 27 of its levels.
You visited 1 bazaar.

You collected 4681 gold pieces.
You spent 3137 gold pieces at shops.

Inventory:

Hand Weapons
 e - a +7 blowgun
Missiles
 d - 9 curare-tipped needles
Armour
 c - a +1 robe of the Archmagi
 o - a +1 pair of gloves of strength (worn)
 y - a scarf of resistance (worn)
 B - a +0 pair of boots (worn)
 N - a +3 troll leather armour (worn)
 Q - the cursed +1 leather armour "Tomyb" {Str+7, unknown}
   (You took it off a deep elf sorcerer on level 3 of the Elven Halls)

   It affects your strength (+7).
   It has a curse placed upon it.
 Y - a scarf of repulsion
Magical Staves
 E - an uncursed staff of energy (weapon) {!a}
 P - an uncursed staff of wizardry {!a}
Jewellery
 a - an uncursed ring of positive energy
 k - the ring "Hakhloytz" (left hand) {Wiz rF+ rC- Dex+7}
   (You bought it in a shop on level 2 of the Orcish Mines)

   [ring of wizardry]

   It improves your spell success rate.
   It affects your dexterity (+7).
   It protects you from fire.
   It makes you vulnerable to cold.
 q - a +3 amulet of reflection {unknown}
 F - an uncursed amulet of magic regeneration {unknown}
 G - a +3 ring of intelligence (right hand)
 I - an amulet of the gourmand (around neck)
 M - an uncursed ring of protection from fire
 R - an uncursed ring of resist corrosion
 U - the amulet "Anoehup" {Inacc rPois MR- MP+9 Int-4, unknown}
   (You found it on level 3 of the Elven Halls)

   [amulet of inaccuracy]

   It reduces the accuracy of all your attacks.
   It affects your intelligence (-4).
   It protects you from poison.
   It affects your resistance to hostile enchantments.
   It affects your magic capacity (+9).
 V - an uncursed amulet of regeneration
 Z - an uncursed ring of protection from cold
Wands
 x - a wand of iceblast (2/15)
 J - a wand of scattershot (3/9)
Scrolls
 j - 4 scrolls of magic mapping
 l - 5 scrolls of teleportation
 r - a scroll of holy word
 w - 5 scrolls of immolation
 A - 5 scrolls of amnesia
 T - 8 scrolls of remove curse
 X - 4 scrolls of recharging
Potions
 g - a potion of berserk rage {unknown}
 i - 2 potions of agility
 n - 2 potions of magic
 p - a potion of flight {unknown}
 s - 7 potions of haste
 t - 3 potions of lignification {unknown}
 u - 7 potions of ambrosia
 v - 7 potions of brilliance
 z - 3 potions of invisibility
 D - 11 potions of curing
 H - 4 potions of might
 L - 2 potions of resistance
 O - 3 potions of cancellation
 W - 3 potions of heal wounds
Books
 m - a book of Spatial Translocations

   Spells                             Type                      Level
   a - Blink                          Translocation                2
   b - Shroud of Golubria             Charms/Translocation         2
   c - Lesser Beckoning               Translocation                3
   d - Gell's Gravitas                Translocation                3
   e - Teleport Other                 Translocation                3
   f - Passage of Golubria            Translocation                4
 C - a book of Annihilations

   Spells                             Type                      Level
   a - Poison Arrow                   Conjuration/Poison           6
   b - Chain Lightning                Conjuration/Air              8
   c - Lehudib's Crystal Spear        Conjuration/Earth            8
   d - Glaciate                       Conjuration/Ice              9
   e - Fire Storm                     Conjuration/Fire             9
Miscellaneous
 b - 3 boxes of beasts
 K - 2 phantom mirrors
Comestibles
 f - 8 bread rations
 h - 10 meat rations
 S - 11 royal jellies


   Skills:
 - Level 3.2 Fighting
   Level 3.3 Short Blades
 - Level 4.0 Dodging
 - Level 1.2 Stealth
 + Level 16.4 Spellcasting
 * Level 18.1 Conjurations
 * Level 17.3 Fire Magic
 - Level 8.0 Invocations
 - Level 8.0 Evocations


You had one spell level left.
You knew the following spells:

 Your Spells              Type           Power        Failure   Level  Hunger
a - Sticky Flame          Conj/Fire      #######.     0%          4    None
b - Flame Tongue          Conj/Fire      #####        0%          1    None
c - Fireball              Conj/Fire      #######...   1%          5    None
d - Conjure Flame         Conj/Fire      #######.     0%          3    None
e - Inner Flame           Hex/Fire       ######..     1%          3    None
f - Bolt of Fire          Conj/Fire      #######...   1%          6    None
g - Iron Shot             Conj/Erth      ######....   4%          6    None
h - Swiftness             Chrm/Air       ###.....     1%          2    None
i - Blink                 Tloc           N/A          1%          2    None
j - Mephitic Cloud        Conj/Pois/Air  ######..     1%          3    None
k - Fire Storm            Conj/Fire      #######...   45%         9    None
l - Passwall              Tmut/Erth      ###.......   1%          2    None


Dungeon Overview and Level Annotations

Branches:
Dungeon (15/15)            Temple (1/1) D:4            Lair (6/6) D:10
  Swamp (0/4) Lair:2          Orc (2/2) D:12            Elf (3/3) Orc:2
 Vaults (0/5) D:14
  Snake: Lair:2-4    Spider: Lair:2-4     Slime: Lair:5-6    Depths: D:15

Altars:
Ashenzari
Cheibriados
Dithmenos
Elyvilon
Fedhas
Gozag
Hepliaklqana
Kikubaaqudgha
Makhleb
Nemelex Xobeh
Okawaru
Qazlal
Ru
Sif Muna
Trog
Uskayaw
Vehumet
Wu Jian
Xom
Yredelemnul
Zin
The Shining One

Shops:
D:4 :   Orc:1 !   Orc:2 =!?[

Annotations:
D:12 Nuz's ghost, journeyman KoBe
D:14 exclusion: downstairs


Innate Abilities, Weirdness & Mutations

You have large cloven feet.
You are agile. (Dex +2)


Message History

The deep elf sorcerer resists.
The deep elf sorcerer is severely wounded.
Unknown command.
Unknown command.
Unknown command.
Casting: Fireball
Confirm with . or Enter, or press ? or * to list all spells.
Aiming: Fireball
Press: ? - help, Shift-Dir - straight line, f/p - deep elf sorcerer
Aim: a deep elf sorcerer, wielding a long sword, wearing a leather armour and wearing a brightly glowing ivory amulet (severely wounded, fast)
The fireball explodes!
The fireball engulfs the deep elf sorcerer.
The deep elf sorcerer resists.
The deep elf sorcerer is almost dead.
The deep elf sorcerer gestures at you while chanting.
The bolt of acid hits you!
You are splashed with acid!
The acid burns!
The deep elf sorcerer casts a spell at you.
The sphere of damnation explodes!
The damnation engulfs you!
Ouch! That really hurt!
You die...

#...##,,,,####..
##..##,,,***,....
#.).#,,,**,,.....
##..##,,**,,,.###.
#.).#,,,*,,,*** ##
#..##,,**,,**
#.:#,,,*,,,*
#:.#,,,*,,**
#@##*+**,,*
#..e.....,**
#.....e..,,*
#........,,**
#........,,,*** **
##.......,,,,,***,
*.......,,,,,,,,,
*#.....⌠,,,,,,,,,
*,,,,,,,,,,,,,,,


You could see a deep elf annihilator and a deep elf sorcerer.

Vanquished Creatures
  2 deep elf blademasters (Elf:3)
  4 deep elf master archers (Elf:3)
  Kirke (D:14)
  3 deep elf sorcerers (Elf:3)
  2 deep elf elementalists (Elf:3)
  4 deep elf demonologists (Elf:3)
  6 deep elf annihilators (Elf:3)
  Nessos (D:15)
  Snorg (D:14)
  3 deep elf death magi (Elf:3)
  3 deep elf high priests (Elf:3)
  3 vault guards (D:14)
  4 hydras
  5 catoblepae
  2 centaur warriors
  7 two-headed ogres
  4 dancing weapons
  A death knight (D:11)
  9 death yaks (Lair:6)
  5 orc high priests
  Sonja (Orc:2)
  2 deep elf knights (Elf:3)
  2 unseen horrors
  7 deep elf archers
  A wizard (D:14)
  A necromancer (D:14)
  Pikel (D:5)
  5 orc knights
  A wolf spider zombie (D:14)
  3 ugly things (D:13)
  2 manticores (Lair:6)
  14 deep elf magi
  7 orc sorcerers
  2 cyclopes
  13 elephants
  A torpor snail (Lair:6)
  A gargoyle (D:12)
  8 spiny frogs
  A rime drake (Lair:5)
  6 komodo dragons
  A komodo dragon (shapeshifter) (D:14)
  4 trolls
  2 polar bears (Lair:4)
  7 blink frogs
  4 slime creatures (D:14)
  A hornet (D:9)
  A slime creature (shapeshifter) (Elf:1)
  16 hippogriffs
  2 water elementals
  2 air elementals (Elf:3)
  A wyvern (D:15)
  24 orc warriors
  A fire bat (Lair:5)
  42 yaks
  6 basilisks
  A hog (D:14)
  19 humans (D:14)
  A fire elemental (Elf:3)
  2 hungry ghosts
  6 vampire mosquitoes
  Menkaure (D:6)
  2 wargs
  2 acid dragons
  3 soldier ants
  8 water moccasins
  17 bullfrogs
  A hell hound (D:15)
  9 porcupines
  2 eyes of draining
  3 ice beasts
  A black bear (D:10)
  2 phantoms
  A necrophage (D:11)
  15 ogres
  10 crocodiles
  11 centaurs
  3 big kobolds
  A gnoll sergeant (D:7)
  2 earth elementals
  A wyvern skeleton (D:13)
  3 scorpions
  11 killer bees
  8 wights
  An electric eel (D:15)
  4 howler monkeys
  3 crimson imps
  A bullfrog zombie (D:5)
  2 quasits
  5 centaur zombies
  3 jellies
  28 orc wizards
  18 orc priests
  6 centaur skeletons
  4 hounds
  4 iguanas
  13 worker ants
  2 hound skeletons (D:10)
  2 worker ant zombies
  5 gnolls
  A howler monkey zombie (D:10)
  10 adders
  5 river rats (D:6)
  7 shadow imps
  An ooze (D:1)
  An adder skeleton (D:4)
  2 adder zombies
  3 worms
  2 dart slugs (D:2)
  4 leopard geckos
  85 orcs
  A ball python (D:6)
  13 bats
  6 giant cockroaches
  6 goblins
  4 hobgoblins
  8 jackals
  11 kobolds
  11 quokkas
  9 frilled lizards
  A giant cockroach zombie (D:5)
  22 rats
723 creatures vanquished.

Vanquished Creatures (collateral kills)
  2 ogres
  A centaur zombie (D:8)
  A worker ant (D:8)
  3 orc wizards (D:8)
  An adder (D:7)
  5 gnolls (D:7)
  2 orcs (D:8)
15 creatures vanquished.

Vanquished Creatures (others)
  4 humans (D:14)
  2 slaves (D:5)
  A water moccasin (D:8)
  An ogre (D:8)
  2 bullfrogs
  A jelly (D:6)
  An orc wizard (D:5)
  An orc priest (D:6)
  3 gnolls (D:5)
  An orc (D:14)
  3 bushes (D:10)
  3 fungi
  10 plants
33 creatures vanquished.

Grand Total: 771 creatures vanquished

Notes
Turn   | Place    | Note
-------+----------+-------------------------------------------
     0 | D:1      | 4thArraOfDagon the Deep Elf Artificer began the quest for the Orb.
     0 | D:1      | Reached XP level 1. HP: 11/11 MP: 5/5
    55 | D:1      | Reached skill level 1 in Fighting
    77 | D:1      | Reached XP level 2. HP: 16/16 MP: 6/6
   393 | D:2      | Reached XP level 3. HP: 18/20 MP: 8/8
   530 | D:3      | Reached XP level 4. HP: 23/25 MP: 9/9
   787 | D:4      | Reached XP level 5. HP: 29/29 MP: 10/10
   803 | D:4      | Found Wely's Book Shoppe.
   886 | D:5      | Entered Level 5 of the Dungeon
  1022 | D:5      | Reached skill level 5 in Evocations
  1036 | D:5      | Noticed a centaur
  1160 | D:5      | Killed a centaur
  1160 | D:5      | Reached XP level 6. HP: 15/34 MP: 12/12
  1269 | D:5      | Noticed a slave
  1269 | D:5      | Noticed a slave
  1271 | D:5      | Noticed a slave
  1275 | D:5      | Noticed a slave
  1282 | D:5      | Noticed Pikel
  1289 | D:5      | Killed Pikel
  1289 | D:5      | Reached XP level 7. HP: 38/38 MP: 12/14
  1693 | D:4      | Found a staircase to the Ecumenical Temple.
  1701 | Temple   | Entered the Ecumenical Temple
  1822 | Temple   | Became a worshipper of Sif Muna the Loreminder
  1879 | D:5      | Noticed Edmund
  1887 | D:5      | Noticed Edmund
  1887 | D:5      | Edmund changed into Edmund the worm
  1896 | D:5      | Killed Edmund the worm
  1902 | D:5      | Reached skill level 1 in Spellcasting
  1902 | D:5      | Reached skill level 1 in Invocations
  2544 | D:2      | Found a shimmering altar of Xom.
  3185 | D:4      | You fall through a shaft for 3 floors!
  3186 | D:7      | Found a white marble altar of Elyvilon.
  3376 | D:6      | Found a hazy altar of Hepliaklqana.
  3386 | D:6      | Found an opulent altar of Gozag.
  3402 | D:6      | Found a hide-covered altar of Uskayaw.
  3416 | D:6      | Found a bloodstained altar of Trog.
  3422 | D:6      | You fall through a shaft for 3 floors!
  3426 | D:9      | :O
  3529 | D:9      | Reached XP level 8. HP: 24/45 MP: 16/16
  3664 | D:8      | Noticed a hippogriff
  3664 | D:8      | Noticed a two-headed ogre
  3664 | D:8      | Noticed a two-headed ogre
  3948 | D:6      | Reached * piety under Sif Muna
  4354 | D:6      | Noticed Menkaure
  4366 | D:6      | Killed Menkaure
  4366 | D:6      | Reached skill level 5 in Spellcasting
  4708 | D:4      | Bought a book of Flames for 490 gold pieces
  4713 | D:4      | Learned a level 4 spell: Sticky Flame
  4715 | D:4      | Learned a level 1 spell: Flame Tongue
  4721 | D:4      | Learned a level 5 spell: Fireball
  4725 | D:4      | Learned a level 3 spell: Conjure Flame
  5154 | D:6      | Reached skill level 1 in Conjurations
  5154 | D:6      | Reached skill level 1 in Fire Magic
  5795 | D:8      | Reached skill level 2 in Conjurations
  5824 | D:8      | Reached ** piety under Sif Muna
  5824 | D:8      | Reached XP level 9. HP: 51/51 MP: 20/20
  5958 | D:8      | Reached skill level 3 in Conjurations
  6120 | D:8      | Killed a two-headed ogre
  6120 | D:8      | Reached skill level 4 in Conjurations
  6133 | D:8      | Noticed a troll
  6208 | D:8      | Reached skill level 5 in Conjurations
  6208 | D:8      | Reached skill level 5 in Fire Magic
  6270 | D:8      | Reached *** piety under Sif Muna
  6387 | D:8      | Learned a level 3 spell: Inner Flame
  6549 | D:8      | Reached skill level 6 in Conjurations
  7115 | D:8      | Reached XP level 10. HP: 48/56 MP: 17/23
  7185 | D:8      | Killed a two-headed ogre
  7185 | D:8      | Reached skill level 7 in Conjurations
  7330 | D:8      | Reached **** piety under Sif Muna
  7417 | D:9      | Noticed an unseen horror
  7421 | D:9      | Killed an unseen horror
  7482 | D:9      | Noticed a two-headed ogre
  7574 | D:9      | Reached skill level 8 in Conjurations
  7734 | D:9      | Found a radiant altar of Vehumet.
  7893 | D:9      | Killed a two-headed ogre
  8161 | D:10     | Entered Level 10 of the Dungeon
  8221 | D:10     | Reached ***** piety under Sif Muna
  8242 | D:10     | Received a gift from Sif Muna
  8251 | D:10     | Learned a level 6 spell: Bolt of Fire
  8266 | D:10     | Reached skill level 9 in Conjurations
  8266 | D:10     | Reached XP level 11. HP: 59/60 MP: 23/26
  8490 | D:10     | Noticed a centaur warrior
  8499 | D:10     | Killed a centaur warrior
  8555 | D:10     | Reached skill level 10 in Spellcasting
  8597 | D:10     | Found a staircase to the Lair.
  8698 | D:11     | Reached skill level 10 in Fire Magic
  8702 | D:11     | Reached skill level 10 in Conjurations
  8844 | D:11     | Noticed a two-headed ogre
  8862 | D:11     | Killed a two-headed ogre
  8886 | D:11     | Noticed a two-headed ogre
  8900 | D:11     | Killed a two-headed ogre
  8942 | D:11     | Noticed a death knight
  8962 | D:11     | Killed a death knight
  9076 | D:11     | Noticed a red ugly thing
  9274 | D:11     | Identified Pavvej's Tome of Creative Evil Magic (Sif Muna gifted it to you on level 11 of the Dungeon)
  9274 | D:11     | Received a gift from Sif Muna
  9375 | D:12     | Noticed Nuz's ghost (journeyman KoBe)
  9395 | D:11     | Reached skill level 11 in Conjurations
  9555 | D:12     | Reached XP level 12. HP: 63/64 MP: 5/29
  9594 | D:12     | Noticed a seven-headed hydra
  9600 | D:12     | Killed a seven-headed hydra
  9724 | D:12     | Found a staircase to the Orcish Mines.
 10115 | D:13     | Gained mutation: You are agile. (Dex +2) [mutagenic meat]
 10140 | D:13     | Found a white marble altar of Elyvilon.
 10315 | D:13     | Noticed a two-headed ogre
 10317 | D:13     | Killed a two-headed ogre
 10317 | D:13     | Reached skill level 12 in Conjurations
 10327 | D:13     | Identified Sif Muna's Almanac of the Birds and Transformation (Sif Muna gifted it to you on level 13 of the Dungeon)
 10327 | D:13     | Received a gift from Sif Muna
 10517 | D:13     | Gained mutation: You have large cloven feet. [mutagenic meat]
 10555 | D:15     | Entered Level 15 of the Dungeon
 10555 | D:15     | Noticed Nessos
 10557 | D:15     | Noticed a tengu warrior
 10830 | D:14     | Noticed a vault guard
 10844 | D:14     | Killed a vault guard
 10909 | D:14     | Noticed Kirke
 10920 | D:14     | Killed Kirke
 10920 | D:14     | Reached skill level 13 in Conjurations
 10990 | D:14     | Reached XP level 13. HP: 68/68 MP: 18/31
 11184 | D:14     | Found a gate to the Vaults.
 11363 | D:15     | Identified Sif Muna's Reference Book on Combat Magic (Sif Muna gifted it to you on level 15 of the Dungeon)
 11363 | D:15     | Received a gift from Sif Muna
 11371 | D:15     | Learned a level 6 spell: Iron Shot
 11557 | D:14     | Noticed Snorg
 11602 | D:14     | Killed Snorg
 11688 | D:15     | Killed Nessos
 11862 | D:12     | Reached skill level 14 in Conjurations
 11949 | Orc:1    | Entered Level 1 of the Orcish Mines
 12211 | Orc:1    | Found Bakh's Distillery.
 12253 | Orc:1    | Bought a potion of brilliance for 48 gold pieces
 12253 | Orc:1    | Bought a potion of brilliance for 48 gold pieces
 12253 | Orc:1    | Bought a potion of haste for 120 gold pieces
 12253 | Orc:1    | Bought 2 potions of ambrosia for 192 gold pieces
 12350 | Orc:1    | Reached skill level 5 in Invocations
 12461 | Orc:2    | Entered Level 2 of the Orcish Mines
 12604 | Orc:2    | Noticed Sonja
 12618 | Orc:2    | Killed Sonja
 12694 | Orc:2    | Found a burning altar of Makhleb.
 12872 | Orc:2    | Found a staircase to the Elven Halls.
 12917 | Orc:2    | Reached XP level 14. HP: 52/74 MP: 24/33
 12940 | Orc:2    | Reached skill level 15 in Conjurations
 12983 | Orc:2    | Found Maymeymu's Distillery.
 12983 | Orc:2    | Found Uxody's Jewellery Boutique.
 12984 | Orc:2    | Found Plog's Magic Scroll Shoppe.
 12990 | Orc:2    | Found Dyshruce's Antique Armour Shoppe.
 13002 | Orc:2    | Bought a scroll of teleportation for 42 gold pieces
 13004 | Orc:2    | Bought the ring "Hakhloytz" {Wiz rF+ rC- Dex+7} for 775 gold pieces
 13018 | Orc:2    | Bought a potion of brilliance for 64 gold pieces
 13018 | Orc:2    | Bought a potion of magic for 128 gold pieces
 13208 | Lair:1   | Entered Level 1 of the Lair of Beasts
 13350 | Lair:2   | Found a staircase to the Swamp.
 14707 | Lair:6   | Entered Level 6 of the Lair of Beasts
 14726 | Lair:6   | Reached skill level 16 in Conjurations
 14812 | Lair:6   | Reached skill level 15 in Fire Magic
 14953 | Lair:6   | Received a gift from Sif Muna
 15283 | Lair:6   | Reached XP level 15. HP: 78/78 MP: 17/35
 15296 | Lair:6   | Reached skill level 15 in Spellcasting
 15541 | Lair:6   | Got a fine wooden ring
 15543 | Lair:6   | Identified the ring "Xoxzutozaxt" {+Blink rN+ MR- Stlth-} (You found it on level 6 of the Lair of Beasts)
 15885 | Orc:2    | Bought a potion of heal wounds for 80 gold pieces
 15885 | Orc:2    | Bought a potion of invisibility for 128 gold pieces
 15885 | Orc:2    | Bought a potion of heal wounds for 80 gold pieces
 15885 | Orc:2    | Bought a potion of curing for 48 gold pieces
 15885 | Orc:2    | Bought a potion of curing for 48 gold pieces
 15885 | Orc:2    | Bought a potion of curing for 48 gold pieces
 15921 | Elf:1    | Entered Level 1 of the Elven Halls
 16161 | Elf:3    | Entered Level 3 of the Elven Halls
 16267 | Elf:3    | Learned a level 2 spell: Swiftness
 16414 | Elf:3    | Found a gateway to a bazaar.
 16416 | Elf:3    | :O
 16522 | Elf:3    | Received a gift from Sif Muna
 16564 | Elf:3    | Identified a scroll of acquirement
 16602 | Bazaar   | Entered a bazaar
 16602 | Bazaar   | Found Ciaqarodd's Distillery.
 16602 | Bazaar   | Found Foudaihi's Armour Shop.
 16602 | Bazaar   | Found Jameaxul's Book Shoppe.
 16602 | Bazaar   | Found Gejutoet's Food Shop.
 16604 | Bazaar   | Found Helixom's Distillery.
 16604 | Bazaar   | Found Vaogut Kafu's Antique Armour Boutique.
 16628 | Bazaar   | Bought a potion of curing for 18 gold pieces
 16628 | Bazaar   | Bought a potion of curing for 18 gold pieces
 16628 | Bazaar   | Bought a potion of heal wounds for 30 gold pieces
 16628 | Bazaar   | Bought a potion of haste for 60 gold pieces
 16628 | Bazaar   | Bought a potion of invisibility for 48 gold pieces
 16628 | Bazaar   | Bought a potion of agility for 24 gold pieces
 16628 | Bazaar   | Bought a potion of haste for 60 gold pieces
 16634 | Bazaar   | Bought a potion of brilliance for 40 gold pieces
 16634 | Bazaar   | Bought 2 potions of curing for 60 gold pieces
 16634 | Bazaar   | Bought a potion of resistance for 100 gold pieces
 16634 | Bazaar   | Bought a potion of heal wounds for 50 gold pieces
 16634 | Bazaar   | Bought a potion of curing for 30 gold pieces
 16634 | Bazaar   | Bought a potion of ambrosia for 80 gold pieces
 16639 | Bazaar   | Bought a pair of embroidered gloves for 180 gold pieces
 16702 | Elf:3    | Learned a level 2 spell: Blink
 16710 | Elf:3    | Learned a level 3 spell: Mephitic Cloud
 16923 | Elf:3    | Reached skill level 17 in Conjurations
 17150 | Elf:3    | Noticed a deep elf sorcerer
 17165 | Elf:3    | Noticed a deep elf master archer
 17173 | Elf:3    | Killed a deep elf master archer
 17262 | Elf:3    | Noticed a deep elf blademaster
 17289 | Elf:3    | Noticed a Brimstone Fiend
 17368 | Elf:3    | Noticed a deep elf master archer
 17390 | Elf:3    | Killed a deep elf master archer
 17437 | Elf:3    | Received a gift from Sif Muna
 17437 | Elf:3    | Reached XP level 16. HP: 66/83 MP: 6/38
 17439 | Elf:3    | Noticed a deep elf master archer
 17443 | Elf:3    | Killed a deep elf master archer
 17459 | Elf:3    | Identified Sif Muna's Collected Works on Confrontation (Sif Muna gifted it to you on level 3 of the Elven Halls)
 17545 | Elf:3    | Got a crude leather armour
 17574 | Elf:3    | Noticed a deep elf master archer
 17605 | Elf:3    | Got an iridescent trident {venom}
 17606 | Elf:3    | Identified the +10 trident of Zyigh {venom, Fragile rPois Int+6 Dex-4} (You took it off a deep elf sorcerer on level 3 of the Elven Halls)
 17622 | Elf:3    | Killed a deep elf master archer
 17640 | Elf:3    | Noticed a deep elf blademaster
 17648 | Elf:3    | Killed a deep elf blademaster
 17648 | Elf:3    | Reached skill level 18 in Conjurations
 17660 | Elf:3    | Killed a deep elf blademaster
 17767 | Elf:3    | Learned a level 9 spell: Fire Storm
 17777 | Elf:3    | Got a sparkling platinum amulet
 17778 | Elf:3    | Identified the Compendium of the Lion
 17782 | Elf:3    | Learned a level 2 spell: Passwall
 17803 | Elf:3    | Identified the Volume of Bewitching Weightlessness
 17814 | Elf:3    | Killed from afar by a deep elf sorcerer

Vault maps used:
D:1:      kennysheep_arrival_forest, minmay_cut_off
D:2:      tgw_xom
D:4:      minmay_temple_entry_from_below_b, serial_shops, shop
D:5:      first_bread, uniq_pikel, uniq_edmund
D:6:      lemuel_ratsnest, nicolae_overflow_quartered_altars, uniq_menkaure
D:7:      elyvilon_altar_4
D:8:      grunt_ministairs_14, minmay_joined_circles
D:9:      vehumet_crystals, hangedman_pestilent_swarm
D:10:     minmay_lair_entry_grove
D:12:     hiddenorc2_lemuel, serial_glass, glass_columns_a, glass_columns_c,
          small_statue_alley_a, spider_trap
D:13:     basic_altar
D:14:     grunt_vaults_entry_tiered, argonaut_gorgonesque, uniq_kirke,
          uniq_snorg
D:15:     grunt_enter_depths_magical_seal, uniq_josephine, uniq_azrael,
          uniq_nessos
Temple:   regret_index_temple_generic_petals
Lair:2:   swamp_mist_pool
Lair:3:   dpeg_oklob_gauntlet, guppyfry_snake_entry_garden, basic_altar,
          beast_lair_carwin_11, serial_bayou_shore_b
Lair:4:   beast_lair_carwin_large_3, st_stairs_4, grunt_megastairs_2
Lair:5:   serial_bayou_crossing, lemuel_fruit_tree, lemuel_fruit_fields
Lair:6:   evilmike_catoblepas_cave, slime_altar_1, serial_bayou_pond_d,
          nicolae_lair_grove_arrangements, grunt_megastairs_5
Orc:1:    serial_shops, shop_statue
Orc:2:    st_orc_elflike, basic_altar, uniq_sonja
Elf:1:    minmay_elf_annihilation, nicolae_elf_glass_and_crystal_pillar_1,
          grunt_ministairs_10, hangedman_elf_power_crystal, uniq_louise
Elf:2:    serial_shops, shop
Elf:3:    minmay_elf_hall_quartered_circle, serial_shops, bzr_entry_road,
          st_stairs_3
Bazaar:   bazaar_minmay_generic_island

Skill      XL: |  1  2  3  4  5  6  7  8  9 10 11 12 13 14 15 16 |
---------------+-------------------------------------------------+-----
Fighting       | 1 2 3 |  3.2
Evocations     | 4 5 7 8 |  8.0
Dodging        | 3 4 |  4.0
Short Blades   | 2 3 |  3.3
Spellcasting   | 2 6 7 9 11 12 13 14 16 | 16.4
Invocations    | 2 4 6 8 |  8.0
Conjurations   | 2 6 9 11 13 14 16 17 18 | 18.1
Fire Magic     | 2 6 9 11 13 14 15 16 17 | 17.3
Stealth        | |  1.2

Action                   |  1- 3 |  4- 6 |  7- 9 | 10-12 | 13-15 | 16-18 || total
-------------------------+-------+-------+-------+-------+-------+-------++-------
Melee: Short sword       |     7 |       |       |       |       |       ||     7
       Dagger            |    82 |    54 |   579 |       |       |       ||   715
       Staff             |       |       |     1 |    22 |     6 |       ||    29
 Cast: Flame Tongue      |       |       |    59 |   175 |     3 |       ||   237
       Sticky Flame      |       |       |     9 |    52 |    57 |       ||   118
       Conjure Flame     |       |       |     8 |    52 |    14 |     1 ||    75
       Fireball          |       |       |       |    37 |    63 |    24 ||   124
       Bolt of Fire      |       |       |       |    64 |   280 |    18 ||   362
       Iron Shot         |       |       |       |       |    28 |       ||    28
Invok: Divine Energy     |       |       |     1 |       |       |       ||     1
       Channel Magic     |       |       |       |     3 |    25 |     2 ||    30
Evoke: Wand              |    10 |    32 |    57 |       |     1 |       ||   100
       Staff of energy   |       |       |    30 |   328 |   503 |    50 ||   911
  Use: Scroll            |       |     3 |     5 |     5 |    28 |     1 ||    42
       Potion            |       |     2 |     2 |     1 |     8 |     2 ||    15
 Stab: Sleeping          |     1 |     1 |       |       |       |       ||     2
       Paralysed         |       |       |     1 |       |       |       ||     1
  Eat: Chunk             |       |     1 |    24 |    31 |    52 |     3 ||   111
       Royal jelly       |       |     1 |       |     1 |       |       ||     2
       Fruit             |       |       |     7 |     2 |       |       ||     9
Armor: Leather armour    |     4 |       |       |       |       |       ||     4
       Ring mail         |    23 |    16 |   151 |    17 |       |       ||   207
       Troll leather arm |       |       |       |    13 |    60 |     2 ||    75
Dodge: Dodged            |    40 |    26 |   234 |   107 |   145 |     3 ||   555

Table legend:
 A = Spawn XP
 B = Non-spawn XP
 C = Spawn XP percentage of total XP
 D = Spawn monster count
 E = Non-spawn monster count
 F = Spawn count percentage of total count
 G = Total turns spent on level
                    A         B        C        D         E        F      G
               +---------+---------+-------+---------+---------+-------+---------
         Total |       0 |  174637 |   0.0 |       0 |     740 |   0.0 | 17814
               +---------+---------+-------+---------+---------+-------+---------
           D:1 |       0 |      39 |   0.0 |       0 |      21 |   0.0 |   519
           D:2 |       0 |     105 |   0.0 |       0 |      25 |   0.0 |   463
           D:3 |       0 |      88 |   0.0 |       0 |      23 |   0.0 |   437
           D:4 |       0 |     156 |   0.0 |       0 |      14 |   0.0 |  1124
           D:5 |       0 |     940 |   0.0 |       0 |      23 |   0.0 |  1156
           D:6 |       0 |     848 |   0.0 |       0 |      39 |   0.0 |  1026
           D:7 |       0 |     276 |   0.0 |       0 |      14 |   0.0 |   650
           D:8 |       0 |    5116 |   0.0 |       0 |      57 |   0.0 |  1774
           D:9 |       0 |    2706 |   0.0 |       0 |      19 |   0.0 |   867
          D:10 |       0 |    4263 |   0.0 |       0 |      36 |   0.0 |   581
          D:11 |       0 |    5527 |   0.0 |       0 |      36 |   0.0 |   780
          D:12 |       0 |    6692 |   0.0 |       0 |      64 |   0.0 |   752
          D:13 |       0 |    5446 |   0.0 |       0 |      31 |   0.0 |   597
          D:14 |       0 |   18646 |   0.0 |       0 |      60 |   0.0 |  1034
          D:15 |       0 |    2483 |   0.0 |       0 |       8 |   0.0 |   260
        Lair:1 |       0 |    2678 |   0.0 |       0 |      12 |   0.0 |   206
        Lair:2 |       0 |    6223 |   0.0 |       0 |      21 |   0.0 |   365
        Lair:3 |       0 |    2204 |   0.0 |       0 |       9 |   0.0 |   196
        Lair:4 |       0 |    7819 |   0.0 |       0 |      25 |   0.0 |   495
        Lair:5 |       0 |    2979 |   0.0 |       0 |       9 |   0.0 |   357
        Lair:6 |       0 |   21403 |   0.0 |       0 |      47 |   0.0 |   898
         Orc:1 |       0 |    2556 |   0.0 |       0 |      27 |   0.0 |   442
         Orc:2 |       0 |   13359 |   0.0 |       0 |      57 |   0.0 |   797
         Elf:1 |       0 |    3258 |   0.0 |       0 |       7 |   0.0 |   221
         Elf:2 |       0 |    2217 |   0.0 |       0 |       4 |   0.0 |    23
         Elf:3 |       0 |   56610 |   0.0 |       0 |      52 |   0.0 |  1595
               +---------+---------+-------+---------+---------+-------+---------
